 Dungeon Crawl Stone Soup version 0.27.1-33-g824d729ab1 (webtiles) character file.

Game seed: 17862206481678822166

107 BaruZool the Magician (level 5, -8/35 HPs)
             Began as a Djinni Ice Elementalist on Dec 6, 2021.
             Mangled by an orc warrior (16 damage)
             ... on level 3 of the Dungeon on Dec 7, 2021.
             The game lasted 00:20:23 (3522 turns).

BaruZool the Magician (Djinni Ice Elementalist)     Turns: 3522, Time: 00:20:24

Health: -8/35      AC:  2    Str:  7    XL:     5   Next: 10%
Gold:   125        EV: 13    Int: 18    God:
                   SH:  0    Dex: 13

rFire    + + .     SeeInvis .   f - +3 short sword
rCold    x . .     Faith    .   (no shield)
rNeg     . . .     Spirit   .   a - +0 robe
rPois    ∞         Reflect  .   (no helmet)
rElec    .         Harm     .   (no cloak)
rCorr    .         Rampage  .   (no gloves)
Will     .....                  (boots unavailable)
Stlth    ++........             (no amulet)
HPRegen  0.11/turn              (no ring)
MPRegen  0.00/turn              (no ring)

@: flying
A: sickness immunity, fire resistance 2, cold vulnerability 1, float, innate
caster, hp casting, extra vitality 1
a: no special abilities


You were on level 3 of the Dungeon.
You visited 1 branch of the dungeon, and saw 3 of its levels.

You collected 125 gold pieces.

Inventory:

Hand Weapons
 f - a +3 short sword (weapon)
Armour
 a - a +0 robe (worn)
Wands
 k - a wand of flame (2)
Scrolls
 b - a scroll of immolation {unknown}
 c - a scroll of identify
 e - a scroll of vulnerability {unknown}
 g - a scroll of amnesia {unknown}
 h - 2 scrolls of magic mapping {unknown}
 i - a scroll of blinking {unknown}
Potions
 d - a potion of curing
 j - a potion of brilliance {unknown}
 l - a potion of magic {unknown}
 m - 2 potions of lignification {unknown}


   Skills:
 + Level 3.2 Dodging
 + Level 2.5 Stealth
 * Level 4.1 Spellcasting


You couldn't memorise any spells.
You knew the following spells:

 Your Spells              Type           Power      Damage    Failure   Level
a - Freeze                Ice            72%        1d9       2%          1
b - Frozen Ramparts       Ice            36%        1d5       9%          3
c - Ozocubu's Armour      Ice            18%        N/A       9%          3
d - Hailstorm             Conj/Ice       18%        3d6       26%         4
e - Foxfire               Conj/Fire      72%        2x1d7     2%          1
f - Blink                 Tloc           N/A        N/A       4%          2
Your spell library was empty.

Dungeon Overview and Level Annotations

Branches:
Dungeon (3/15)

Altars:


Innate Abilities, Weirdness & Mutations

You are immune to sickness and miasma.
You are immune to poison.
Your flesh is very heat resistant. (rF++)
You are vulnerable to cold. (rC-)
You float through the air rather than walking.
You learn spells naturally, not from books.
Your magical power is your life essence.
You have superior vitality. (+4 HP)


Message History

You conjure some foxfire!
Casting: Foxfire (safe; 2% risk of failure)
Confirm with . or Enter, or press ? or * to list all spells.
A film of ice covers your body!
The foxfire hits the orc warrior but does no damage.
The orc warrior is lightly wounded.
Casting: Ozocubu's Armour (dangerous; 9% risk of failure)
Confirm with . or Enter, or press ? or * to list all spells.
Casting: Frozen Ramparts (dangerous; 9% risk of failure)
Press: ? - help, Dir - look around, f - activate Look: an orc warrior, wielding a +0 dire flail and wearing a +0 plate armour (lightly wounded, ally target)
The walls around you are covered in ice.
The wall freezes the orc warrior.
Casting: Frozen Ramparts (dangerous; 9% risk of failure)
Confirm with . or Enter, or press ? or * to list all spells.
Aiming: Freeze (safe; 2% risk of failure)
Press: ? - help, Shift-Dir - straight line, f/p - orc warrior
Aim: an orc warrior, wielding a +0 dire flail and wearing a +0 plate armour (lightly wounded, ally target)
You freeze the orc warrior.
The orc warrior is lightly wounded.
The wall freezes the orc warrior.
The orc warrior closely misses you.
Casting: Freeze (safe; 2% risk of failure)
Confirm with . or Enter, or press ? or * to list all spells.
Aiming: Freeze (safe; 2% risk of failure)
Press: ? - help, Shift-Dir - straight line, f/p - orc warrior
Aim: an orc warrior, wielding a +0 dire flail and wearing a +0 plate armour (moderately wounded, ally target)
You freeze the orc warrior.
The orc warrior is heavily wounded.
The wall freezes the orc warrior.
The orc warrior hits you with a +0 dire flail!
* * * LOW HITPOINT WARNING * * *
Casting: Freeze (safe; 2% risk of failure)
Confirm with . or Enter, or press ? or * to list all spells.
Your icy armour and frozen ramparts will break if you move.
Continue?
You blink.
Your icy armour cracks and falls away as you move.
The frozen ramparts melt away as you move.
* * * LOW HITPOINT WARNING * * *
The orc warrior hits you with a +0 dire flail!
You die...

.....# .##..############
.###...........>#
#.).#......†..#.####
#.#.#............o<#
.###.#...####.#.#######
.#..[#........#.# #.#
#.##.###.##.#.#.#####.#
[.#.#.........#.@o§...#
.##.###..##.###..####.#
#.†.#..#.#.......# #.#
.###.(##.....##..# #.#
.#.#.##..#.......####.#
#...#...............#.######
##.##.#.##..........#......#
..##....##..........######.#
.........'..........# #.#


You could see an orc warrior.

Vanquished Creatures
  2 adders
  2 worms (D:2)
  4 dart slugs
  4 orcs
  5 endoplasms
  2 giant cockroaches
  7 goblins
  5 hobgoblins
  9 jackals
  2 kobolds
  2 quokkas (D:2)
  4 ball pythons (D:2)
  7 bats
  7 frilled lizards
  4 rats
66 creatures vanquished.

Vanquished Creatures (others)
  106 foxfires
106 creatures vanquished.

Grand Total: 172 creatures vanquished

Notes
Turn   | Place    | Note
-------+----------+-------------------------------------------
     0 | D:1      | BaruZool the Djinni Ice Elementalist began the quest for
                  | the Orb.
     0 | D:1      | Reached XP level 1. HP: 15/15 MP: 0/0
   224 | D:1      | Reached XP level 2. HP: 15/21 MP: 0/0
   715 | D:1      | Reached XP level 3. HP: 10/25 MP: 0/0
   715 | D:1      | Learned a level 1 spell: Foxfire
  1924 | D:2      | Reached XP level 4. HP: 30/31 MP: 0/0
  2410 | D:2      | Found a faded altar of an unknown god.
  2801 | D:2      | Reached skill level 4 in Spellcasting
  3230 | D:3      | Reached XP level 5. HP: 32/35 MP: 0/0
  3230 | D:3      | Learned a level 2 spell: Blink
  3382 | D:3      | Noticed an orc warrior
  3522 | D:3      | Mangled by an orc warrior

Illustrated notes

Levels and vault maps discovered:
D:1:      lemuel_arrival_river_ford, layout_loops_ring, serial_glass,
          glass_columns_a, glass_columns_a, glass_columns_b, glass_columns_b,
          minmay_pentomino_v2
D:2:      minmay_diamond_boxcup, layout_loops_corners,
          ebering_ecumenical_altar_hall, grunt_ministairs_12,
          nrook_mini_backslash, minmay_split_cup_small
D:3:      layout_basic, serial_corexii_hall, chequers_hall_statues_corner_a,
          corexii_hall_statues_l, chequers_hall_statues_corner_a,
          minmay_pentomino_pile

Skill      XL: |  1  2  3  4 |
---------------+-------------+-----
Stealth        | 2 |  2.5
Dodging        | 3 |  3.2
Spellcasting   | 4 |  4.1

Action                   |  1- 3 |  4- 6 || total
-------------------------+-------+-------++-------
 Cast: Freeze            |    37 |    11 ||    48
       Foxfire           |    17 |    63 ||    80
       Blink             |       |     1 ||     1
       Ozocubu's Armour  |       |     1 ||     1
       Frozen Ramparts   |       |     1 ||     1
  Use: Scroll            |       |     1 ||     1
Armor: Robe              |     4 |     2 ||     6
Dodge: Dodged            |    11 |     3 ||    14
